 Seeded DCSS version 0.29-a0-789-g7a8fcbc185 (webtiles) character file.

Game seed: 11187309827094651227 (custom seed)

82 zeratav the Cutter (level 4, 23/23 HPs)
             Began as a Vine Stalker Fighter on July 2, 2022.
             Quit the game on level 2 of the Dungeon.
             The game lasted 00:02:03 (1820 turns).

zeratav the Cutter (Vine Stalker Fighter)           Turns: 1820, Time: 00:02:03

Health: 23/23      AC:  6    Str: 18    XL:     4   Next: 43%
Magic:  5/5        EV:  9    Int:  8    God:
Gold:   25         SH:  6    Dex: 22    Spells: 3/3 levels left

rFire   . . .      SeeInvis .   a - +0 rapier {short}
rCold   . . .      Faith    .   c - +0 buckler
rNeg    + + .      Spirit   +   b - +0 scale mail
rPois   .          Reflect  .   (no helmet)
rElec   .          Harm     .   (no cloak)
rCorr   +          Rampage  .   (no gloves)
Will    .....                   (no boots)
Stlth   ..........              (no amulet)
HPRegen 0.87/turn               g - +6 ring of dexterity
MPRegen 0.09/turn               e - ring of Elyvilon, Burning {rN++ rCorr}

@: no status effects
A: fangs 2, regeneration 1, magic shield, antimagic bite, no potion heal 2
a: no special abilities


You were on level 2 of the Dungeon.
You visited 1 branch of the dungeon, and saw 2 of its levels.

You collected 49 gold pieces.
You spent 24 gold pieces at shops.


Innate Abilities, Weirdness & Mutations

You have extremely sharp teeth.
Your natural rate of healing is unusually fast.
When hurt, damage is shared between your health and your magic reserves.
Your bite disrupts and absorbs the magic of your enemies.
Potions cannot restore your health.


   Skills:
 - Level 2.6 Fighting
 + Level 4.1 Short Blades
 - Level 2.4 Armour
 - Level 2.6 Shields


You had 3 spell levels left.
You didn't know any spells.
Your spell library contained the following spells:

 Spells                   Type           Power      Damage    Failure   Level
 Animate Dead             Necr           0%         N/A       100%        4
 Haunt                    Necr/Summ      0%         N/A       100%        7
 Infestation              Necr           0%         N/A       100%        8

Inventory:

Hand Weapons
 a - a +0 rapier (weapon) {short}
Armour
 b - a +0 scale mail (worn)
 c - a +0 buckler (worn)
Jewellery
 e - the ring of Elyvilon, Burning (right hand) {rN++ rCorr}
   (You acquired it on level 2 of the Dungeon)

   [ring of resist corrosion]

   rN:        It greatly protects you from negative energy.
   rCorr:     It protects you from acid and corrosion.
 g - a +6 ring of dexterity (left hand)
   (You found it on level 1 of the Dungeon)
Scrolls
 f - a scroll of amnesia
 i - a scroll of acquirement
 j - a scroll of enchant weapon
 k - 3 scrolls of fear {unknown}
 m - a scroll of noise {unknown}
Potions
 d - a potion of might
 h - 3 potions of haste {@q3}
 n - a potion of degeneration {unknown}

Dungeon Overview and Level Annotations

Branches:
Dungeon (2/15) Zot: 10190

Altars:

Shops:
D:2

* #..........#..........# #.
#..........#..........# #.
#...)......#..........# #.
#.........##..........#####.
#.........##................
#...)<....# #............##.
###..#...###♣............##.
#..#.#.#♣.∩.♣.........###.
#.####.##@♣##########.....
...........# #+##..
#######...†.# #.. #.....#
#.. #....(# #.. #......
#....... ........ ).........


There were no monsters in sight!


Message History

No target in view!
No target in view!
No target in view!
No target in view!
No target in view!
No target in view!
No target in view!
No target in view!
No target in view!
No target in view!
No target in view!
No target in view!
Found Huolaic's General Store.
MP[+1]
Your mp is fully restored (5).
You now have 49 gold pieces (gained 10).
A jackal comes into view.
The jackal barks!
A jackal comes into view.
There is an entrance to Huolaic's General Store here.
There are monsters nearby!
There are monsters nearby!
A jackal comes into view.
The jackal barks! x2
The jackal bites you but does no damage.
You barely miss the jackal. The jackal barely misses you.
You closely miss the jackal. The jackal completely misses you.
A quokka comes into view.
You barely miss the jackal. Your bite misses the jackal.
The jackal bites you but does no damage.
You block the jackal's attack. The jackal barely misses you.
The jackal completely misses you.
You hit the jackal.
You kill the jackal!
The jackal completely misses you. The jackal barely misses you.
The jackal closely misses you.
You barely miss the jackal. You bite the jackal, but do no damage.
The jackal bites you.
The jackal bites you but does no damage.
The jackal barely misses you. The quokka bites you.
HP[-4]
You take 4 damage, and now have 19/23 hp.
You hit the quokka.
You kill the quokka!
You block the jackal's attack.
The jackal bites you but does no damage.
The jackal barely misses you.
HP[+1]
You completely miss the jackal. You bite the jackal, but do no damage.
The jackal closely misses you.
The jackal bites you but does no damage.
The jackal barely misses you.
HP[+1]
You miss the jackal. Your bite misses the jackal.
The jackal bites you but does no damage.
You block the jackal's attack.
The jackal stops to sniff the ground.
The jackal barely misses you.
HP[+1]
You puncture the jackal!
You kill the jackal!
The jackal bites you.
You barely miss the jackal. You bite the jackal. You drain its power.
You block the jackal's attack. The jackal bites you.
HP[-2]
You take 2 damage, and now have 20/23 hp.
You puncture the jackal!
You kill the jackal!
HP[+1] No target in view!
No target in view!
No target in view!
No target in view!
No target in view!
No target in view!
No target in view!
No target in view!
No target in view!
No target in view!
No target in view!
No target in view!
No target in view!
No target in view!
No target in view!
There is an entrance to Huolaic's General Store here.
e - 2 scrolls of identify (gained 1) Thank you for shopping at Huolaic's General Store!
You can access your shopping list by pressing '$'.
HP[+2]
Your hp is fully restored (23).
As you read the scroll of identify {@r1}, it crumbles to dust.
f - a scroll of amnesia
As you read the scroll of identify {@r1}, it crumbles to dust.
j - a scroll of enchant weapon
Okay, then.
This is a scroll of acquirement!
Something appears at your feet!
e - the ring of Elyvilon, Burning {rN++ rCorr}
e - the ring of Elyvilon, Burning (right hand) {rN++ rCorr} Are you sure you want to abandon this character and quit the game? (Confirm with "yes".)

Skill      XL: |  1  2  3  4 |
---------------+-------------+-----
Short Blades   | 2 3 4 |  4.1
Fighting       | |  2.6
Armour         | |  2.4
Shields        | |  2.6

Action                   |  1- 3 |  4- 6 || total
-------------------------+-------+-------++-------
Melee: Rapier            |    87 |    19 ||   106
       Bite              |    17 |     5 ||    22
  Use: Potion            |     1 |       ||     1
       Scroll            |       |     3 ||     3
Armor: Scale mail        |    45 |     7 ||    52
Dodge: Dodged            |    42 |    15 ||    57
Block: Buckler           |    26 |     6 ||    32

Levels and vault maps discovered:
D:1:      roderic_dead_forest, layout_basic, serial_forest,
          infiniplex_forest_lined_3, infiniplex_forest_clump_diagonal,
          infiniplex_forest_lined_3_way, infiniplex_forest_3_way,
          infiniplex_forest_clump_curved, infiniplex_forest_straight_4,
          infiniplex_forest_straight_2, infiniplex_forest_lined_2,
          infiniplex_forest_straight_2, infiniplex_forest_lined_2,
          chequers_serial_rivers_micro_e, st_stairs_9, bh_walls_and_bars
D:2:      layout_basic, serial_shops, nicolae_shop_trees, minivault_26,
          uniq_robin

Notes
Turn   | Place    | Note
-------+----------+-------------------------------------------
     0 | D:1      | zeratav the Vine Stalker Fighter began the quest for the
                  | Orb.
     0 | D:1      | Reached XP level 1. HP: 11/11 MP: 2/2
     0 | D:1      | magus.rc [v1.9.6]
   141 | D:1      | Reached skill level 2 in Short Blades
   589 | D:1      | Reached XP level 2. HP: 16/16 MP: 3/3
   694 | D:1      | You pick up a book of Death and begin reading...
   694 | D:1      | You add the spells Animate Dead, Haunt and Infestation to
                  | your library.
   942 | D:1      | Reached skill level 3 in Short Blades
  1391 | D:2      | Reached XP level 3. HP: 8/19 MP: 2/4
  1677 | D:2      | HP: 4/19 [kobold/+0 dagger (1)]
  1695 | D:2      | Gained mutation: Your natural rate of healing is unusually
                  | fast. [Vine Stalker growth]
  1695 | D:2      | Reached XP level 4. HP: 3/23 MP: 5/5
  1750 | D:2      | Reached skill level 4 in Short Blades
  1787 | D:2      | Found Huolaic's General Store.
  1814 | D:2      | Bought a scroll of identify for 24 gold pieces
  1817 | D:2      | Identified 2 scrolls of acquirement
  1817 | D:2      | Acquired the ring of Elyvilon, Burning {rN++ rCorr}
  1820 | D:2      | Quit the game

Vanquished Creatures
  5 adders (D:2)
  A dart slug (D:1)
  3 bats (D:1)
  5 endoplasms
  2 giant cockroaches (D:2)
  A goblin (D:1)
  3 jackals (D:2)
  5 kobolds
  3 quokkas
  4 ball pythons (D:1)
  A frilled lizard (D:1)
  3 rats
36 creatures vanquished.

Table legend:
 A = Non-vault XP
 B = Vault XP
 C = Vault XP percentage of total XP
 D = Non-vault monster count
 E = Vault monster count
 F = Vault count percentage of total count
                 A         B        C        D         E       F
            +---------+---------+-------+---------+---------+-------
      Total |     112 |       6 |   5.1 |      33 |       3 |   8.3
            +---------+---------+-------+---------+---------+-------
        D:1 |      26 |       6 |  18.8 |      16 |       3 |  15.8
        D:2 |      86 |       0 |   0.0 |      17 |       0 |   0.0
            +---------+---------+-------+---------+---------+-------

Illustrated notes

Table legend:
 A = Kills in this place as a percentage of kills in entire the game.
 B = Kills by you in this place as a percentage of kills by you in the entire game.
 C = Kills by friends in this place as a percentage of kills by friends in the entire game.
 D = Other kills in this place as a percentage of other kills in the entire game.
 E = Experience gained in this place as a percentage of experience gained in the entire game.
 F = Experience gained in this place divided by the number of levels of this place that you have seen.
                   A       B       C       D       E      F
               +-------+-------+-------+-------+-------+----------------------
         Total | 100.0 | 100.0 |   N/A |   N/A | 100.0 |  59.0
       Dungeon | 100.0 | 100.0 |   N/A |   N/A | 100.0 |  59.0
               +-------+-------+-------+-------+-------+----------------------

Table legend: (Time is in decaauts)
 A = Elapsed time spent in this place.
 B = Non-inter-level travel time spent in this place.
 C = Inter-level travel time spent in this place.
 D = Time resting spent in this place.
 E = Time spent auto-exploring this place.
 F = Levels seen in this place.
 G = Mean time per level.
                   A        B        C        D        E       F      G
               +--------+--------+--------+--------+--------+-----+--------+
         Total |   1809 |   1795 |     14 |    449 |   1136 |   2 |  904.5 |
       Dungeon |   1809 |   1795 |     14 |    449 |   1136 |   2 |  904.5 |
               +--------+--------+--------+--------+--------+-----+--------+

Top non-repeatable levels by time:
     D:1: 1384 daAuts
     D:2: 425 daAuts
